 Dungeon Crawl Stone Soup version 0.29-a0-231-g945431f764 (webtiles) character file.

Game seed: 3226057642812623775

23 Colgate the Poker (level 3, -12/29 HPs)
             Began as a Formicid Abyssal Knight on Mar 1, 2022.
             Was a Follower of Lugonu.
             Mangled by Sigmund
             ... wielding a +0 scythe
              (13 damage)
             ... on level 2 of the Dungeon.
             The game lasted 00:02:14 (1454 turns).

Colgate the Poker (Formicid Abyssal Knight)         Turns: 1454, Time: 00:02:15

Health: -12/29     AC:  3    Str: 19    XL:     3   Next: 12%
Magic:  4/4        EV: 11    Int:  9    God:    Lugonu [*.....]
Gold:   18         SH:  0    Dex: 11    Spells: 2/2 levels left

rFire   . . .      SeeInvis +   a - +1 spear
rCold   . . .      Faith    .   (no shield)
rNeg    . . .      Spirit   .   b - +0 leather armour
rPois   .          Reflect  .   (helmet unavailable)
rElec   .          Harm     .   (no cloak)
rCorr   .          Rampage  .   (no gloves)
Will    .....                   (no boots)
Stlth   +.........              (no amulet)
HPRegen 0.09/turn               (no ring)
MPRegen 0.09/turn               (no ring)

@: no status effects
A: permanent stasis, dig shafts and tunnels, antennae 3, four strong arms
a: Dig, Shaft Self, Renounce Religion, Depart the Abyss


You were on level 2 of the Dungeon.
You worshipped Lugonu.
Lugonu was aware of your devotion.
You visited 1 branch of the dungeon, and saw 2 of its levels.
You visited the Abyss 1 time.

You collected 18 gold pieces.

Inventory:

Hand Weapons
 a - a +1 spear (weapon)
Armour
 b - a +0 leather armour (worn)
Scrolls
 c - a scroll of holy word {unknown}
 d - a scroll of enchant armour {unknown}
 e - a scroll of summoning {unknown}
 g - a scroll of teleportation {unknown}
 h - a scroll of identify {unknown}
 i - a scroll of acquirement {unknown}
Potions
 f - a potion of heal wounds {unknown}


   Skills:
 - Level 3.2 Fighting
 + Level 3.3 Polearms
 - Level 2.1 Armour
 - Level 0.8 Dodging
 - Level 2.1 Invocations


You had 2 spell levels left.
You didn't know any spells.
Your spell library contained the following spells:

 Spells                   Type           Power      Damage    Failure   Level
 Shock                    Conj/Air       0%         1d3       43%         1
 Airstrike                Air            0%         N/A       99%         4
 Swiftness                Air            Unusable   N/A       N/A         3

Dungeon Overview and Level Annotations

Branches:
Dungeon (2/15)

Altars:

Annotations:
D:2 Sigmund


Innate Abilities, Weirdness & Mutations

You cannot be hasted, slowed, berserked, paralysed or teleported.
You can dig through walls and to a lower floor.
You have a pair of large antennae on your head. (SInv)
Your four strong arms can wield two-handed weapons with a shield.


Message History

You are too injured to fight recklessly!
You are too injured to fight recklessly!
You are too injured to fight recklessly!
You are too injured to fight recklessly!
You are too injured to fight recklessly!
You are too injured to fight recklessly!
You are too injured to fight recklessly!
Reach: a) +1 spear
Aim: Sigmund, wielding a +0 scythe and wearing a +0 robe (lightly wounded, about 42% to evade your +1 spear)
You reach to attack!
You hit Sigmund.
Reach: a) +1 spear
Aim: Sigmund, wielding a +0 scythe and wearing a +0 robe (moderately wounded, about 42% to evade your +1 spear)
You reach to attack!
You hit Sigmund. Sigmund barely misses you.
Reach: a) +1 spear
Aim: Sigmund, wielding a +0 scythe and wearing a +0 robe (moderately wounded, about 42% to evade your +1 spear)
You reach to attack!
You closely miss Sigmund.
Sigmund hits you from afar with a +0 scythe!
* * * LOW HITPOINT WARNING * * *
Reach: a) +1 spear
Aim: Sigmund, wielding a +0 scythe and wearing a +0 robe (moderately wounded, about 42% to evade your +1 spear)
You reach to attack!
You closely miss Sigmund.
Unknown command.
Reach: a) +1 spear
Aim: Sigmund, wielding a +0 scythe and wearing a +0 robe (moderately wounded, about 42% to evade your +1 spear)
You reach to attack!
You hit Sigmund. Sigmund casts a spell at you. You resist with some effort.
Reach: a) +1 spear
Aim: Sigmund, wielding a +0 scythe and wearing a +0 robe (moderately wounded, about 42% to evade your +1 spear)
You reach to attack!
You hit Sigmund. Sigmund closely misses you.
Unknown command.
Reach: a) +1 spear
Aim: Sigmund, wielding a +0 scythe and wearing a +0 robe (heavily wounded, about 42% to evade your +1 spear)
You reach to attack!
You hit Sigmund.
Unknown command.
Reach: a) +1 spear
Aim: Sigmund, wielding a +0 scythe and wearing a +0 robe (heavily wounded, about 42% to evade your +1 spear)
You reach to attack!
You hit Sigmund but do no damage.
Sigmund hits you from afar with a +0 scythe!
You die...

### #.. ###
#.# .. #.#
.#####.##.#
........#.#
.......@#.#
.#.#.@...<#
.....#.##.#
##.. #. #.#
... #. #.#
.. #. #.# .
#. #.# #.
#.# ..#


You could see Sigmund.

Vanquished Creatures
  A dart slug (D:1)
  2 endoplasms (D:1)
  A giant cockroach (D:1)
  4 goblins (D:1)
  A hobgoblin (D:1)
  5 kobolds (D:1)
  2 bats (D:1)
  4 rats (D:1)
20 creatures vanquished.

Vanquished Creatures (others)
  8 plants (D:1)
8 creatures vanquished.

Grand Total: 28 creatures vanquished

Notes
Turn   | Place    | Note
-------+----------+-------------------------------------------
     0 | Abyss:1  | Colgate the Formicid Abyssal Knight began the quest for the
                  | Orb.
     0 | Abyss:1  | Reached XP level 1. HP: 18/18 MP: 2/2
    97 | Abyss:1  | Noticed a large abomination
    97 | Abyss:1  | Noticed a large abomination
    98 | D:1      | Escaped the Abyss
   250 | D:1      | Reached XP level 2. HP: 24/24 MP: 3/3
   426 | D:1      | Found a faded altar of an unknown god.
   485 | D:1      | Reached * piety under Lugonu
   812 | D:1      | Reached XP level 3. HP: 19/29 MP: 4/4
  1440 | D:2      | Noticed Sigmund
  1449 | D:2      | HP: 1/29 [Sigmund/+0 scythe (7)]
  1454 | D:2      | Mangled by Sigmund

Illustrated notes

Levels and vault maps discovered:
D:1:      heliophobic_arrival_henge, layout_basic,
          shapermc_ecumenical_altar_mp_ritualfount, minmay_misc_feat_five,
          chequers_big_river, serial_bayou_lake_a
D:2:      layout_basic, grunt_ministairs_9, uniq_sigmund

Skill      XL: |  1  2 |
---------------+-------+-----
Polearms       | 3 |  3.3
Fighting       | |  3.2
Armour         | |  2.1
Dodging        | |  0.8
Invocations    | |  2.1

Action                   || total
-------------------------++-------
Melee: Spear             ||    93
Invok: Depart the Abyss  ||     1
Armor: Leather armour    ||    14
Dodge: Dodged            ||    27

Table legend: (Time is in decaauts)
 A = Elapsed time spent in this place.
 B = Non-inter-level travel time spent in this place.
 C = Inter-level travel time spent in this place.
 D = Time resting spent in this place.
 E = Time spent auto-exploring this place.
 F = Levels seen in this place.
 G = Mean time per level.
                   A        B        C        D        E       F      G
               +--------+--------+--------+--------+--------+-----+--------+
         Total |   1503 |   1473 |     30 |      0 |   1260 |   3 |  501.0 |
       Dungeon |   1405 |   1375 |     30 |      0 |   1164 |   2 |  702.5 |
         Abyss |     98 |     98 |      0 |      0 |     96 |   1 |   98.0 |
               +--------+--------+--------+--------+--------+-----+--------+

Top non-repeatable levels by time:
     D:1: 1390 daAuts
 Abyss:1: 98 daAuts
     D:2: 14 daAuts
